 Dungeon Crawl Stone Soup version 0.14-a0-30-gf0b6e91 (webtiles) character file.

72 Malachi the Stinger (level 2, -1/20 HPs)
             Began as a Ghoul Venom Mage on Sept 27, 2013.
             Slain by a kobold
             ... wielding a -1,+0 orcish whip
              (2 damage)
             ... on Level 1 of the Dungeon.
             The game lasted 00:01:31 (348 turns).

Malachi the Stinger (Ghoul Venom Mage)               Turns: 348, Time: 00:01:31

HP  -1/20        AC  2     Str 11      XL: 2   Next: 25%
MP   1/4         EV 12     Int 10      God:
Gold 61          SH  0     Dex  9      Spells:  1 memorised,  2 levels left

Res.Fire  : . . .   See Invis. : .   (no weapon)
Res.Cold  : + . .   Warding    : .   a - +0 robe
Life Prot.: + + +   Conserve   : .   (no shield)
Res.Poison: +       Res.Corr.  : .   (no helmet)
Res.Elec. : .       Clarity    : .   (no cloak)
Sust.Abil.: . .     Spirit.Shd : .   (no gloves)
Res.Mut.  : .       Stasis     : .   (no boots)
Res.Rott. : +       Flight     : .   (no amulet)
Saprovore : + + +                    (no ring)
                                     c - ring of protection from magic {unknown}

@: very slightly contaminated, rotting, somewhat resistant to hostile
enchantments, fairly stealthy
A: rotting body, claws 1, carnivore 3, cold resistance 1, life protection 3,
poison resistance, saprovore 3, slow healing 1, torment resistance, unbreathing
a: no special abilities


You were on level 1 of the Dungeon.
You were not hungry.

You visited 1 branch of the dungeon, and saw 1 of its levels.

You collected 41 gold pieces.

Inventory:

Armour
 a - a +0 robe (worn)
Comestibles
 h - a cheese
 m - 2 chunks of kobold flesh
 n - a meat ration
Scrolls
 d - 3 scrolls of enchant armour {unknown}
 k - a scroll of identify {unknown}
 l - a scroll of enchant weapon I {unknown}
 o - 2 scrolls of random uselessness {unknown}
 p - a scroll of remove curse {unknown}
Jewellery
 c - a ring of protection from magic (left claw) {unknown}
Potions
 e - 3 potions of curing {unknown}
 j - a potion of agility {unknown}
Books
 b - a Young Poisoner's Handbook

   Spells                             Type                      Level
   *Sting                             Conjuration/Poison           1
   Cure Poison                        Poison                       2
   Mephitic Cloud                     Conjuration/Poison/Air       3
   Olgreb's Toxic Radiance            Poison                       4
   Venom Bolt                         Conjuration/Poison           5


   Skills:
 + Level 1.8 Dodging
 + Level 2.2 Stealth
 + Level 1.0 Spellcasting
 + Level 0.1 Conjurations
 * Level 4.4 Poison Magic


You had 2 spell levels left.
You knew the following spells:

 Your Spells              Type           Power        Failure   Level  Hunger
a - Sting                 Conj/Pois      #...         14%         1    ##.....


Dungeon Overview and Level Annotations

Branches:
Dungeon (1/27)

Altars:


Innate Abilities, Weirdness & Mutations

Your body is rotting away.
You have sharp fingernails.
You are carnivorous and can eat meat at any time.
Your flesh is cold resistant.
You are immune to negative energy.
Your system is resistant to poisons.
You thrive on rotten meat.
You heal slowly.
You are immune to unholy pain and torment.
You can survive without breathing.


Message History

The kobold is no longer bleeding.
The kobold hits you but does no damage.
You barely miss the kobold.
The kobold is moderately wounded.
The kobold hits you with an orcish whip.
You hit the kobold.
The kobold begins to bleed from its wounds!
The kobold is severely wounded.
The kobold closely misses you.
You closely miss the kobold.
The kobold is severely wounded.
The kobold hits you with an orcish whip.
* * * LOW HITPOINT WARNING * * *
You hit the kobold but do no damage.
The kobold is severely wounded.
The kobold hits you with an orcish whip.
* * * LOW HITPOINT WARNING * * *
Eat a chunk of kobold flesh? (ye/n/q/i?) This raw flesh tastes good!
The kobold is no longer bleeding.
The kobold hits you with an orcish whip.
You die...

# +≈≈≈≈≈................#....# #
≈≈≈≈≈...###.#........#....# #
≈≈≈≈≈..............#####.## #
≈≈≈≈≈...###.######.# #.# #
#≈≈≈.....#.######.#####.##
+≈≈≈.....................#
+≈≈≈.....#.######.#####..#
≈#+#+#≈≈≈.....#.# #.# ##..##
≈≈≈≈≈≈≈≈≈≈.....#@# #.# #....#
≈≈≈≈≈≈≈≈≈≈...###K# #.# #....#
≈≈≈≈≈≈≈≈≈≈h..###.######.# #....#
.h..(..)...#.h........#.# #....#
...........#..........#.# #....#
######....##..........#.# #....#
####....##..........#.# #....#
.....................#.#########
##########..............#


You could see a kobold.

Vanquished Creatures
  A goblin (D:1)
  3 jackals (D:1)
  3 kobolds (D:1)
  2 giant newts (D:1)
  A rat (D:1)
10 creatures vanquished.

Notes
Turn   | Place    | Note
--------------------------------------------------------------
     0 | D:1      | Malachi, the Ghoul Venom Mage, began the quest for the Orb.
     0 | D:1      | Reached XP level 1. HP: 14/14 MP: 3/3
   270 | D:1      | Reached XP level 2. HP: 15/20 MP: 0/4
   347 | D:1      | HP: 1/20 [kobold/orcish whip (5)]
   348 | D:1      | Slain by a kobold

Action                   || total
-------------------------++-------
Melee: Unarmed           ||    29
 Cast: Sting             ||    13
